Map: Dusk Towers

Players

chityx

  • Race: Protoss Protoss
  • League: Diamond

LilDicky - Winner!

  • Race: Terran Terran
  • League: Diamond

VOD

http://www.twitch.tv/tumescentpie

Description

Time

  • Played on: Nov. 23, 2015, 9:37 p.m.
  • Length: 5:41
Show
View Real Time Build Order
Export as new Build Order

chityx Protoss 

Build Orders: Double Forge, Nexus First 

Get SALT Encoding   

  12  0:01  Probe (Chrono Boost)  
  13  0:11  Probe (Chrono Boost)  
  14  0:18  Pylon  
  14  0:22  Probe (Chrono Boost)  
  15  0:36  Probe (Chrono Boost)  
  16  0:47  Probe (Chrono Boost)  
  17  0:57  Probe (Chrono Boost)  
  18  1:04  Nexus  
  18  1:08  Probe (Chrono Boost)  
  19  1:18  Gateway  
  19  1:20  Probe (Chrono Boost)  
  20  1:25  Assimilator  
  20  1:30  Probe (Chrono Boost)  
  21  1:38  Pylon  
  21  1:41  Probe (Chrono Boost)  
  21  1:43  Assimilator  
  22  1:52  Probe (Chrono Boost)  
  23  2:02  Probe (Chrono Boost)  
  23  2:05  Cybernetics Core  
  24  2:13  Probe (Chrono Boost)  
  25  2:17  Probe (Chrono Boost)  
  26  2:23  Gateway, Probe (Chrono Boost)  
  26  2:24  Pylon  
  26  2:28  Probe (Chrono Boost)  
  28  2:34  Probe (Chrono Boost)  
  29  2:38  Probe (Chrono Boost)  
  29  2:41  Stalker  
  32  2:47  Probe (Chrono Boost)  
  33  2:54  Probe (Chrono Boost)  
  33  2:58  Mothership Core (Chrono Boost)  
  36  2:59  Warp Gate  
  36  3:04  Probe (Chrono Boost)  
  37  3:06  Pylon  
  37  3:11  Stalker  
  31  3:22  Stalker  
  33  3:27  Forge  
  30  3:50  Forge  
  30  3:53  Assimilator  
  30  3:59  Probe (Chrono Boost)  
  30  4:01  Photon Cannon  
  31  4:04  Probe (Chrono Boost)  
  32  4:10  Probe (Chrono Boost)  
  32  4:13  Pylon  
  32  4:16  Assimilator  
  32  4:31  Probe (Chrono Boost)  
  33  4:32  Probe (Chrono Boost)  
  34  4:41  Probe (Chrono Boost)  
  34  4:43  Probe (Chrono Boost)  
  36  4:48  Robotics Facility  
  36  4:52  Probe (Chrono Boost)  
  37  4:53  Probe (Chrono Boost)  
  38  5:01  Twilight Council  
  38  5:02  Probe (Chrono Boost)  
  38  5:04  Probe (Chrono Boost)  
  40  5:13  Probe (Chrono Boost)  
  41  5:14  Probe (Chrono Boost)  
  42  5:21  Stalker  
  42  5:23  Stalker, Probe (Chrono Boost)  
  42  5:25  Probe (Chrono Boost)  
Show
View Real Time Build Order
Export as new Build Order

LilDicky Terran - Winner!

Build Orders: MMM Bio 

Get SALT Encoding   

  12  0:01  SCV  
  13  0:13  SCV  
  14  0:17  Supply Depot  
  14  0:25  Refinery  
  14  0:27  SCV  
  15  0:39  SCV  
  16  0:45  Barracks  
  16  0:55  SCV  
  17  1:07  SCV  
  18  1:19  SCV  
  19  1:32  Supply Depot, Factory  
  19  1:34  Marine  
  19  1:37  Orbital Command  
  20  1:51  Marine  
  21  1:58  Barracks  
  21  2:05  Barracks  
  21  2:09  SCV  
  22  2:17  Refinery  
  22  2:19  Barracks Reactor  
  22  2:33  Widow Mine  
  24  2:41  SCV  
  25  2:46  Supply Depot  
  25  2:53  SCV  
  25  2:54  Barracks Tech Lab x2  
  26  3:06  Widow Mine, Marine x2  
  30  3:17  SCV  
  30  3:18  Combat Shields, Stimpack  
  30  3:19  Marine x2  
  33  3:24  Marine  
  34  3:28  Marine  
  34  3:31  Supply Depot  
  34  3:37  Marine  
  37  3:47  Marauder  
  39  3:50  SCV  
  39  3:55  Marauder  
  40  3:59  Starport  
  40  4:00  Supply Depot, Marine  
  41  4:03  Marine  
  41  4:07  SCV  
  43  4:14  Marauder  
  45  4:17  Marauder  
  45  4:31  SCV  
  44  4:36  Marauder  
  44  4:37  Medivac  
  48  4:39  Marauder  
  50  4:47  Marine x2  
  53  4:53  Supply Depot  
  53  4:57  Marauder  
  54  5:05  Marine  
  55  5:15  SCV, Marauder  
Tags
 
Add a new tag
Caveats
  • Supply blocks, unpowered buildings, or Contaminate may cause inaccurate times.
  • Supply counts are checked every 10 seconds.